 Dungeon Crawl Stone Soup version 0.28-a0-1387-g3a22ab9bdc (webtiles) character file.

Game seed: 224148210397243802

7689 fragbeetle the Carver (level 11, -19/89 HPs)
             Began as a Gnoll Cinder Acolyte on Jan 2, 2022.
             Was a High Priest of Ignis.
             Demolished by an ice devil (23 damage)
             ... in an ice cave.
             The game lasted 00:51:47 (11462 turns).

fragbeetle the Carver (Gnoll Cinder Acolyte)       Turns: 11462, Time: 00:51:48

Health: -19/89     AC: 16    Str: 15    XL:     11   Next: 19%
Magic:  14/19      EV: 12    Int: 19    God:    Ignis [*****.]
Gold:   513        SH:  6    Dex:  9    Spells: 15/23 levels left

rFire   + . .      SeeInvis .   a - +2 broad axe (flame)
rCold   . . .      Faith    .   g - +1 buckler "Minada" {Rampage rElec rCorr Str-2}
rNeg    . . .      Spirit   .   n - +0 swamp dragon scales
rPois   +          Reflect  .   p - +0 helmet of Shielding {Will+}
rElec   +          Harm     .   d - +0 cloak
rCorr   +          Rampage  +   (no gloves)
Will    +....                   I - +0 pair of boots
Stlth   ++........              (no amulet)
HPRegen 0.24/turn               q - +6 ring of intelligence
MPRegen 0.16/turn               o - +4 ring of protection

@: no status effects
A: fangs 1, strong nose, distributed training, low mp 1, screaming 1
a: Renounce Religion, Fiery Armour, Foxfire Swarm, Rising Flame


You were in an ice cave.
You worshipped Ignis.
Ignis was extremely pleased with you.
You visited 2 branches of the dungeon, and saw 12 of its levels.
You also visited: Ice Cave.

You collected 513 gold pieces.

Inventory:

Hand Weapons
 a - a +2 broad axe of flaming (weapon)
 b - the +6 hunting sling "Lahamiwk" {freeze, Contam *Corrode rC+++ Str+9}
   (You found it on level 7 of the Dungeon)

   Any ammunition fired from it freezes those it strikes, dealing additional
   cold damage.
   It can also slow down cold-blooded creatures.
   Str:       It affects your strength (+9).
   rC:        It renders you almost immune to cold.
   Contam:    It causes magical contamination when unequipped.
   *Corrode:  It may corrode you when you take damage.
 J - a +2 hand axe of electrocution
Missiles
 j - 6 boomerangs (quivered)
 k - an atropa-tipped dart
 t - 3 boomerangs of dispersal
 y - 3 javelins
 A - 2 throwing nets
 F - 31 poisoned darts
 K - 29 sling bullets
 N - a curare-tipped dart
Armour
 d - a +0 cloak (worn)
 g - the +1 buckler "Minada" (worn) {Rampage rElec rCorr Str-2}
   (You acquired it on level 6 of the Dungeon)

   Str:       It affects your strength (-2).
   rElec:     It insulates you from electricity.
   rCorr:     It protects you from acid and corrosion.
   Rampage:   It bestows one free step when moving towards enemies.
 n - +0 swamp dragon scales (worn)
 p - the +0 helmet of Shielding (worn) {Will+}
   (You acquired it on level 6 of the Dungeon)

   Will:      It increases your willpower.
 E - an orb of guile
 I - a +0 pair of boots (worn)
Jewellery
 o - a +4 ring of protection (right hand)
 q - a +6 ring of intelligence (left hand)
 s - a ring of protection from fire
 B - a ring of magical power
 L - an amulet of guardian spirit
Wands
 u - a wand of paralysis (3)
 C - a wand of polymorph (4)
 H - a wand of digging (11)
Scrolls
 e - 3 scrolls of teleportation
 f - 2 scrolls of fog
 h - 2 scrolls of holy word {unknown}
 i - a scroll of enchant weapon {unknown}
 m - a scroll of magic mapping
 r - 2 scrolls of noise {unknown}
 v - a scroll of brand weapon {unknown}
 D - a scroll of silence {unknown}
Potions
 l - 2 potions of might
 w - a potion of flight {unknown}
 x - a potion of resistance {unknown}
 z - 2 potions of ambrosia
 G - 3 potions of curing
Miscellaneous
 M - a lightning rod (inert)


   Skills:
 + Level 9.0 Fighting
 + Level 6.0 Short Blades
 + Level 9.0 Long Blades
 + Level 6.0 Axes
 + Level 6.0 Maces & Flails
 + Level 6.0 Polearms
 + Level 6.0 Staves
 + Level 6.0 Slings
 + Level 6.0 Bows
 + Level 6.0 Crossbows
 + Level 6.0 Throwing
 + Level 6.0 Armour
 + Level 6.0 Dodging
 + Level 6.0 Stealth
 + Level 6.0 Shields
 + Level 6.0 Unarmed Combat
 + Level 6.7 Spellcasting
 + Level 5.0 Conjurations
 + Level 5.0 Hexes
 + Level 5.0 Summonings
 + Level 5.0 Necromancy
 + Level 5.0 Translocations
 + Level 5.0 Transmutations
 + Level 7.5 Fire Magic
 + Level 5.0 Ice Magic
 + Level 5.0 Air Magic
 + Level 5.0 Earth Magic
 + Level 5.0 Poison Magic
 + Level 6.6 Invocations
 + Level 6.0 Evocations


You had 15 spell levels left.
You knew the following spells:

 Your Spells              Type           Power      Damage    Failure   Level
a - Scorch                Fire           70%        2d8       1%          2
b - Poisonous Vapours     Pois/Air       50%        N/A       3%          2
c - Corpse Rot            Necr/Air       50%        N/A       3%          2
d - Wereblood             Tmut           25%        N/A       3%          2

Your spell library contained the following spells:

 Spells                   Type           Power      Damage    Failure   Level
 Passwall                 Tmut/Erth      20%        N/A       3%          2
 Sublimation of Blood     Necr           25%        N/A       3%          2
 Swiftness                Air            25%        N/A       7%          3
 Alistair's Intoxication  Tmut/Pois      16%        N/A       54%         5
 Borgnjor's Vile Clutch   Necr/Erth      12%        N/A       54%         5
 Eringya's Noxious Bog    Tmut/Pois      12%        N/A       98%         6
 Summon Hydra             Summ           12%        N/A       100%        7


Dungeon Overview and Level Annotations

Branches:
Dungeon (11/15)            Temple (1/1) D:7            Lair (0/6) D:11
    Orc (0/2) D:11          IceCv (1/1)

Altars:
Cheibriados
Dithmenos
Elyvilon
Fedhas
Gozag
Hepliaklqana
Kikubaaqudgha
Nemelex Xobeh
Qazlal
Sif Muna
Trog
Uskayaw
Vehumet
Wu Jian
Xom
The Shining One

Annotations:
D:3 1 runed translucent door, fragbeetle's ghost, amateur TrBe
D:5 3 runed translucent doors, BunnyKimber's ghost, novice TrMo
D:9 Erica; Gastronok


Innate Abilities, Weirdness & Mutations

You have very sharp teeth.
Your uncanny sense of smell can sniff out nearby items.
Your experience applies equally to all skills.
Your magical capacity is low. (-10% MP)
You occasionally shout uncontrollably at your foes.


Message History

You melt the two-headed ogre simulacrum.
You barely miss the ice devil. The ice devil closely misses you.
You block the two-headed ogre simulacrum's attack.
The two-headed ogre simulacrum hits you but does no damage.
You slice the two-headed ogre simulacrum!!
You melt the two-headed ogre simulacrum!
The two-headed ogre simulacrum vaporises!
You hit the ice devil. You burn the ice devil.
The ice devil hits you but does no damage.
Unknown command.
You hit the ice devil. You burn the ice devil.
The ice devil is moderately wounded.
The ice devil hits you but does no damage.
The ice devil barely misses you.
You slash the ice devil! You burn the ice devil.
The ice devil is heavily wounded.
The ice devil closely misses you.
You hit the ice devil but do no damage.
The ice devil is heavily wounded.
The ice devil hits you. The ice devil freezes you!
You slash the ice devil! You burn the ice devil.
The ice devil is severely wounded.
The ice devil misses you.
The ice devil hits you but does no damage.
You closely miss the ice devil.
The ice devil is severely wounded.
The ice devil hits you!
* * * LOW HITPOINT WARNING * * *
The ice devil freezes you!!
* * * LOW HITPOINT WARNING * * *
Unknown command.
Casting: Scorch (safe; 1% risk of failure)
Confirm with . or Enter, or press ? or * to list all spells.
Flames lash the spriggan simulacrum.
The spriggan simulacrum melts!
The spriggan simulacrum is heavily damaged.
The spriggan simulacrum's fire resistance burns away.
The ice devil hits you.
* * * LOW HITPOINT WARNING * * *
The ice devil freezes you!!
You die...

#.......#
#...∩...#
##.....##
##...##
#...##
##...#
##...#
##...##
#..@##
#.4##
##..#
##...
4Z## .Z.
....
.....
Z.....


You could see an ice devil.

Vanquished Creatures
  2 two-headed ogres
  Pikel (D:9)
  Maggie (D:7)
  2 trolls (D:10)
  Prince Ribbit (D:7)
  2 wraiths (D:10)
  A shadow (D:9)
  A vampire (D:11)
  9 yaks (D:9)
  A steam dragon (D:8)
  An acid dragon (D:9)
  3 ice beasts
  A black bear (D:6)
  2 orc warriors
  A sky beast (D:6)
  An ogre (D:6)
  A necrophage (D:6)
  2 centaurs
  2 phantoms
  2 kobold brigands
  2 lemures (D:8)
  4 bullfrogs
  A two-headed ogre simulacrum (IceCv)
  A scorpion (D:7)
  2 killer bees (D:8)
  4 wights
  9 howler monkeys
  4 hounds
  A jelly (D:5)
  A bullfrog zombie (D:6)
  A centaur skeleton (D:6)
  3 orc priests
  A bullfrog skeleton (D:7)
  An iguana (D:6)
  2 orc wizards
  A troll simulacrum (IceCv)
  A wolf simulacrum (IceCv)
  A killer bee zombie (D:5)
  A hound skeleton (D:5)
  15 gnolls
  8 adders
  2 white imps
  4 ufetubi
  2 adder skeletons
  4 dart slugs
  21 orcs
  A bat zombie (D:3)
  5 endoplasms
  7 giant cockroaches
  4 hobgoblins
  5 jackals
  2 quokkas
  3 ball pythons
  6 bats
  3 frilled lizards (D:3)
  4 goblins
  21 kobolds
  4 rats
  2 rat zombies (D:3)
  A bush (D:7)
202 creatures vanquished.

Vanquished Creatures (others)
  2 plants (D:7)
2 creatures vanquished.

Grand Total: 204 creatures vanquished

Notes
Turn   | Place    | Note
-------+----------+-------------------------------------------
     0 | D:1      | fragbeetle the Gnoll Cinder Acolyte began the quest for the
                  | Orb.
     0 | D:1      | Reached XP level 1. HP: 23/23 MP: 4/4
   246 | D:1      | Reached XP level 2. HP: 21/29 MP: 5/5
   352 | D:1      | Learned a level 2 spell: Scorch
   928 | D:2      | Reached XP level 3. HP: 35/35 MP: 4/7
  1402 | D:2      | Reached skill level 1 in Invocations
  1540 | D:2      | Found a shimmering altar of Xom.
  1831 | D:3      | Reached skill level 1 in Short Blades
  1831 | D:3      | Reached skill level 1 in Axes
  1831 | D:3      | Reached skill level 1 in Maces & Flails
  1831 | D:3      | Reached skill level 1 in Polearms
  1831 | D:3      | Reached skill level 1 in Staves
  1831 | D:3      | Reached skill level 1 in Slings
  1831 | D:3      | Reached skill level 1 in Bows
  1831 | D:3      | Reached skill level 1 in Crossbows
  1831 | D:3      | Reached skill level 1 in Throwing
  1831 | D:3      | Reached skill level 1 in Armour
  1831 | D:3      | Reached skill level 1 in Dodging
  1831 | D:3      | Reached skill level 1 in Stealth
  1831 | D:3      | Reached skill level 1 in Shields
  1831 | D:3      | Reached skill level 1 in Unarmed Combat
  1831 | D:3      | Reached skill level 1 in Evocations
  1880 | D:3      | Reached XP level 4. HP: 11/41 MP: 1/8
  2179 | D:3      | Found a radiant altar of Vehumet.
  2232 | D:3      | Reached skill level 1 in Conjurations
  2232 | D:3      | Reached skill level 1 in Hexes
  2232 | D:3      | Reached skill level 1 in Summonings
  2232 | D:3      | Reached skill level 1 in Necromancy
  2232 | D:3      | Reached skill level 1 in Translocations
  2232 | D:3      | Reached skill level 1 in Transmutations
  2232 | D:3      | Reached skill level 1 in Ice Magic
  2232 | D:3      | Reached skill level 1 in Air Magic
  2232 | D:3      | Reached skill level 1 in Earth Magic
  2232 | D:3      | Reached skill level 1 in Poison Magic
  2322 | D:3      | Found a runed translucent door.
  2322 | D:3      | Noticed fragbeetle's ghost (amateur TrBe)
  2551 | D:3      | Found an ancient bone altar of Kikubaaqudgha.
  2713 | D:3      | Found a shimmering blue altar of Sif Muna.
  2812 | D:4      | Found a shimmering altar of Xom.
  2825 | D:4      | Reached XP level 5. HP: 47/47 MP: 9/9
  3241 | D:4      | Found a hazy altar of Hepliaklqana.
  3244 | D:4      | Found a faded altar of an unknown god.
  3244 | D:4      | Noticed an orc warrior
  3501 | D:4      | Learned a level 2 spell: Poisonous Vapours
  3654 | D:4      | Found a bloodstained altar of Trog.
  3996 | D:5      | Entered Level 5 of the Dungeon
  3997 | D:5      | Noticed a phantom
  4006 | D:4      | Reached XP level 6. HP: 47/53 MP: 9/11
  4261 | D:5      | Found an opulent altar of Gozag.
  4295 | D:5      | Reached XP level 7. HP: 49/59 MP: 1/12
  4705 | D:5      | Noticed BunnyKimber's ghost (novice TrMo)
  4758 | D:5      | Found a runed translucent gate.
  4758 | D:5      | Found a runed translucent gate.
  4758 | D:5      | Found a runed translucent gate.
  5470 | D:6      | Found an ornate altar of the Wu Jian Council.
  5790 | D:6      | Reached XP level 8. HP: 67/67 MP: 14/14
  5806 | D:6      | Identified 2 scrolls of acquirement
  5810 | D:6      | Acquired the +1 buckler "Minada" {Rampage rElec rCorr
                  | Str-2}
  5846 | D:6      | Acquired the +0 helmet of Shielding {Will+}
  6766 | D:7      | HP: 2/65 [orc warrior (15)]
  7040 | D:7      | Reached XP level 9. HP: 60/72 MP: 16/16
  7069 | D:6      | Learned a level 2 spell: Corpse Rot
  7318 | D:7      | Identified the +6 hunting sling "Lahamiwk" {freeze, Contam
                  | *Corrode rC+++ Str+9}
  7343 | D:7      | Gained mutation: Your magical capacity is low. (-10% MP)
                  | [mutagenic glow]
  7523 | D:7      | Found a hide-covered altar of Uskayaw.
  7523 | D:7      | Found a snail-covered altar of Cheibriados.
  7524 | D:7      | Found a stormy altar of Qazlal.
  7525 | D:7      | Noticed Maggie
  7545 | D:7      | Killed Maggie
  7546 | D:7      | Reached skill level 5 in Spellcasting
  7555 | D:7      | Gained mutation: You occasionally shout uncontrollably at
                  | your foes. [mutagenic glow]
  7671 | D:7      | Found a staircase to the Ecumenical Temple.
  7676 | Temple   | Entered the Ecumenical Temple
  7720 | D:7      | Learned a level 2 spell: Wereblood
  7776 | D:7      | Noticed Prince Ribbit
  7785 | D:7      | Killed Prince Ribbit
  8163 | D:8      | Reached skill level 5 in Invocations
  8444 | D:8      | Upgraded the game from 0.28-a0-1382-g92835e5c71 to
                  | 0.28-a0-1387-g3a22ab9bdc
  8965 | D:9      | Noticed Gastronok
  8965 | D:9      | Noticed Pikel
  9040 | D:9      | Noticed a two-headed ogre
  9067 | D:9      | Killed a two-headed ogre
  9068 | D:9      | Reached skill level 5 in Short Blades
  9068 | D:9      | Reached skill level 5 in Axes
  9068 | D:9      | Reached skill level 5 in Maces & Flails
  9068 | D:9      | Reached skill level 5 in Polearms
  9068 | D:9      | Reached skill level 5 in Staves
  9068 | D:9      | Reached skill level 5 in Slings
  9068 | D:9      | Reached skill level 5 in Bows
  9068 | D:9      | Reached skill level 5 in Crossbows
  9068 | D:9      | Reached skill level 5 in Throwing
  9068 | D:9      | Reached skill level 5 in Armour
  9068 | D:9      | Reached skill level 5 in Dodging
  9068 | D:9      | Reached skill level 5 in Stealth
  9068 | D:9      | Reached skill level 5 in Shields
  9068 | D:9      | Reached skill level 5 in Unarmed Combat
  9068 | D:9      | Reached skill level 5 in Evocations
  9068 | D:9      | Reached XP level 10. HP: 71/81 MP: 3/16
  9582 | D:9      | Killed Pikel
  9810 | D:9      | Noticed Erica
  9886 | D:10     | Entered Level 10 of the Dungeon
 10032 | D:10     | Found a blossoming altar of Fedhas.
 10040 | D:10     | Noticed a two-headed ogre
 10083 | D:10     | Killed a two-headed ogre
 10084 | D:10     | Reached XP level 11. HP: 56/87 MP: 11/18
 10541 | D:10     | Reached skill level 5 in Conjurations
 10541 | D:10     | Reached skill level 5 in Hexes
 10541 | D:10     | Reached skill level 5 in Summonings
 10541 | D:10     | Reached skill level 5 in Necromancy
 10541 | D:10     | Reached skill level 5 in Translocations
 10541 | D:10     | Reached skill level 5 in Transmutations
 10541 | D:10     | Reached skill level 5 in Ice Magic
 10541 | D:10     | Reached skill level 5 in Air Magic
 10541 | D:10     | Reached skill level 5 in Earth Magic
 10541 | D:10     | Reached skill level 5 in Poison Magic
 11002 | D:11     | Noticed a manticore
 11109 | D:11     | Noticed a two-headed ogre
 11117 | D:11     | Found a glowing golden altar of the Shining One.
 11142 | D:11     | Found a frozen archway.
 11147 | IceCv    | Entered an ice cave
 11462 | IceCv    | HP: 4/89 [ice devil (3)]
 11462 | IceCv    | Demolished by an ice devil

Illustrated notes

Levels and vault maps discovered:
D:1:      eino_arrival_water_star, layout_loops_ring
D:2:      layout_loops_corners, basic_altar, grunt_ministairs_8, feat_on_display
D:3:      layout_rooms, lemuel_zombie_altar_kikubaaqudgha,
          mainiacjoe_overflow_boulevard, led_sif_pool,
          hellmonk_ghost_happy_afterlife, grunt_ministairs_10, st_stairs_13,
          minmay_fractal_squares_5
D:4:      layout_loops_ring, beargit_hepliaklqana_dungeon_heroes,
          lightli_temple_of_fire, old_standard_altar
D:5:      layout_loops_ring, lemuel_tele_altar, gammafunk_ghost_icy
D:6:      nicolae_BIG_FREAKIN_CUBE, layout_basic, mainiacjoe_overflow_catwalk
D:7:      layout_rooms, gammafunk_temple_overflow_forgotten,
          minmay_temple_entry_grid, minmay_checkerbox, uniq_prince_ribbit1,
          uniq_maggie
D:8:      layout_basic, serial_glass, glass_columns_b, glass_columns_b,
          glass_columns_c, glass_columns_a, glass_columns_b, glass_columns_a,
          hangedman_abyss_or_decor_stagger
D:9:      layout_roguey, uniq_gastronok, uniq_erica, uniq_maurice, uniq_pikel
D:10:     layout_loops_ring, fedhas_altar_2
D:11:     layout_loops_cross, erik_lair_orcish_takeover, david_orc_5,
          portal_ice_cave_entry_ice_simulacra, tso_metal_star
Temple:   eino_wide_crystal_templ
IceCv:    ice_cave_small_demon

Skill      XL: |  1  2  3  4  5  6  7  8  9 10 11 |
---------------+----------------------------------+-----
Invocations    | 1 2 3 4 5 6 |  6.6
Short Blades   | 1 2 3 5 6 |  6.0
Axes           | 1 2 3 5 6 |  6.0
Maces & Flails | 1 2 3 5 6 |  6.0
Polearms       | 1 2 3 5 6 |  6.0
Staves         | 1 2 3 5 6 |  6.0
Slings         | 1 2 3 5 6 |  6.0
Bows           | 1 2 3 5 6 |  6.0
Crossbows      | 1 2 3 5 6 |  6.0
Throwing       | 1 2 3 5 6 |  6.0
Armour         | 1 2 3 5 6 |  6.0
Dodging        | 1 2 3 5 6 |  6.0
Stealth        | 1 2 3 5 6 |  6.0
Shields        | 1 2 3 5 6 |  6.0
Unarmed Combat | 1 2 3 5 6 |  6.0
Evocations     | 1 2 3 5 6 |  6.0
Spellcasting   | 3 4 5 6 |  6.7
Conjurations   | 1 2 3 4 5 |  5.0
Hexes          | 1 2 3 4 5 |  5.0
Summonings     | 1 2 3 4 5 |  5.0
Necromancy     | 1 2 3 4 5 |  5.0
Translocations | 1 2 3 4 5 |  5.0
Transmutations | 1 2 3 4 5 |  5.0
Ice Magic      | 1 2 3 4 5 |  5.0
Air Magic      | 1 2 3 4 5 |  5.0
Earth Magic    | 1 2 3 4 5 |  5.0
Poison Magic   | 1 2 3 4 5 |  5.0
Fighting       | 7 8 9 |  9.0
Long Blades    | 7 8 9 |  9.0
Fire Magic     | 6 7 |  7.5

Action                   |  1- 3 |  4- 6 |  7- 9 | 10-12 || total
-------------------------+-------+-------+-------+-------++-------
Melee: Falchion          |    82 |   124 |    23 |       ||   229
       Bite              |     5 |     6 |    24 |     8 ||    43
       Hand axe          |       |       |    91 |       ||    91
       Broad axe         |       |       |   104 |   118 ||   222
       Spear             |       |       |    16 |       ||    16
 Fire: Hunting sling     |       |       |     5 |       ||     5
Throw: Boomerang         |     5 |    27 |    20 |     8 ||    60
       Dart              |       |       |     8 |    14 ||    22
       Throwing net      |       |       |     1 |       ||     1
 Cast: Scorch            |    10 |    36 |    86 |    71 ||   203
       Poisonous Vapours |       |       |     4 |       ||     4
       Corpse Rot        |       |       |       |     2 ||     2
Evoke: Lightning rod     |       |       |       |     4 ||     4
       Wand              |       |       |       |     2 ||     2
  Use: Scroll            |       |       |    12 |     2 ||    14
       Potion            |       |       |     2 |     2 ||     4
 Stab: Sleeping          |       |       |     1 |     1 ||     2
       Paralysed         |       |       |       |     8 ||     8
Armor: Robe              |    22 |     5 |       |       ||    27
       Swamp dragon scal |       |    54 |   110 |   117 ||   281
Dodge: Dodged            |    47 |    80 |   120 |   120 ||   367
Block: Buckler           |       |       |    41 |    50 ||    91

Table legend: (Time is in decaauts)
 A = Elapsed time spent in this place.
 B = Non-inter-level travel time spent in this place.
 C = Inter-level travel time spent in this place.
 D = Time resting spent in this place.
 E = Time spent auto-exploring this place.
 F = Levels seen in this place.
 G = Mean time per level.
                   A        B        C        D        E       F      G
               +--------+--------+--------+--------+--------+-----+--------+
         Total |  11569 |  11277 |    292 |   3055 |   3187 |  13 |  889.9 |
       Dungeon |  11209 |  10917 |    292 |   2773 |   3187 |  11 | 1019.0 |
        Temple |     41 |     41 |      0 |      0 |      0 |   1 |   41.0 |
      Ice Cave |    319 |    319 |      0 |    282 |      0 |   1 |  319.0 |
               +--------+--------+--------+--------+--------+-----+--------+

Top non-repeatable levels by time:
     D:6: 1735 daAuts
     D:5: 1368 daAuts
     D:4: 1285 daAuts
     D:3: 1192 daAuts
    D:10: 1073 daAuts
     D:8: 958 daAuts
     D:1: 925 daAuts
     D:9: 896 daAuts
     D:2: 894 daAuts
     D:7: 668 daAuts
   IceCv: 319 daAuts
    D:11: 209 daAuts
  Temple: 41 daAuts
